 Dungeon Crawl Stone Soup version 0.30-a0-948-g4fa250aae5 (webtiles) character file.

Game seed: 16673682123842911734

54 NinjaNoafa the Caller (level 3, 0/14 HPs)
             Began as a Felid Summoner on Mar 26, 2023.
             Killed from afar by Sigmund (7 damage)
             ... with a magic dart
             ... on level 3 of the Dungeon.
             The game lasted 00:03:37 (1383 turns).

NinjaNoafa the Caller (Felid Summoner)              Turns: 1383, Time: 00:03:38

Health: 0/14       AC:  1    Str:  4    XL:     3   Next: 66%
Magic:  3/8        EV: 17    Int: 18    God:
Gold:   61         SH:  0    Dex: 16    Spells: 2/8 levels left
                                        Lives:  0   Deaths: 0

rFire   . . .      SeeInvis +    (weapon unavailable)
rCold   . . .      Faith    .    (shield unavailable)
rNeg    . . .      Spirit   .    (body armour unavailable)
rPois   .          Reflect  .    (helmet unavailable)
rElec   .          Rampage  .    (cloak unavailable)
rCorr   .                        (gloves unavailable)
Will    .....                    (boots unavailable)
Stlth   ++                       (no amulet)
HPRegen 0.22/turn                (no ring)
MPRegen 0.11/turn                (no ring)

@: quick
A: very small, claws 1, fangs 3, see invisible, speed 1, shaggy fur 1, stealthy
paws, no weapons or thrown items, no armour, multi-lived
a: no special abilities


You were on level 3 of the Dungeon.
You visited 1 branch of the dungeon, and saw 3 of its levels.

You collected 152 gold pieces.
You spent 91 gold pieces at shops.

Inventory:

Jewellery
 e - an amulet of regeneration
 k - a +6 ring of strength
Wands
 o - a wand of digging (4)
Scrolls
 b - 3 scrolls of teleportation {unknown}
 c - a scroll of noise {unknown}
 f - a scroll of poison {unknown}
 g - 3 scrolls of identify {unknown}
 h - 3 scrolls of vulnerability {unknown}
 m - a scroll of magic mapping {unknown}
Potions
 a - a potion of magic
 d - 2 potions of cancellation {unknown}
 i - a potion of lignification {unknown}
 j - 2 potions of brilliance
 l - 3 potions of curing
 n - a potion of degeneration {unknown}
 p - a potion of flight {unknown}
 q - 2 potions of mutation {unknown}


   Skills:
 - Level 2.6 Dodging
 - Level 2.6 Stealth
 + Level 3.0 Spellcasting
 + Level 4.7 Summonings


You had 2 spell levels left.
You knew the following spells:

 Your Spells              Type           Power      Damage    Failure   Level
a - Summon Small Mammal   Summ           76%        N/A       2%          1
b - Call Imp              Summ           19%        N/A       3%          2
c - Call Canine Familiar  Summ           19%        N/A       7%          3

Your spell library contained the following spells:

 Spells                   Type           Power      Damage    Failure   Level
 Summon Guardian Golem    Hex/Summ       11%        N/A       19%         3
 Summon Lightning Spire   Summ/Air       11%        N/A       52%         4


Dungeon Overview and Level Annotations

Branches:
Dungeon (3/15)

Altars:

Shops:
D:2 !

Annotations:
D:3 Sigmund


Innate Abilities, Weirdness & Mutations

You have sharp claws.
You have razor-sharp teeth.
You have supernaturally acute eyesight. (SInv)
You cover ground quickly. (Speed+)
You are covered in fur. (AC +1)
Your paws help you pounce on unaware monsters.
You are incapable of wielding weapons or throwing items.
You cannot wear armour.
You gain extra lives every three experience levels.


Message History

Sigmund the Dreaded comes into view.
He is wielding a +0 scythe.
Sigmund is nearby!
Sigmund is nearby!
A goblin comes into view. It is wielding a +0 club.
Sigmund shouts!
You hear an angry hiss.
A frilled lizard comes into view.
You swap places.
Your white imp gestures at Sigmund.
The puff of frost misses Sigmund.
Sigmund mumbles some strange words.
Sigmund flickers and vanishes for a moment.
Casting: Call Imp (safe; 3% risk of failure)
Confirm with . or Enter, or press ? or * to list all spells.
Your white imp completely misses the frilled lizard.
The frilled lizard barely misses your white imp.
Your white imp misses the frilled lizard.
Your hound closely misses Sigmund.
The frilled lizard barely misses your white imp.
Your hound misses Sigmund.
Your white imp closely misses the frilled lizard.
The frilled lizard closely misses your white imp.
Your hound bites Sigmund.
Your white imp gestures at the frilled lizard.
The puff of frost hits the frilled lizard!
The frilled lizard dies!
Sigmund hits something with a +0 scythe.
Your hound bites Sigmund.
Sigmund says, "You will soon forget everything."
Your hound bites Sigmund.
Sigmund screams, "I am the angel of ZOT!!!"
Your hound bites Sigmund.
Your hound closely misses Sigmund.
Sigmund casts a spell at you. The magic dart hits you.
* * * LOW HITPOINT WARNING * * *
Your hound misses Sigmund. Sigmund gestures at you while chanting.
The magic dart hits you!
Ouch! That really hurt!
You die...

#....)..# #.......###
#.........#### .
#............## .# ..
#.............## ##.##..
#..............####........
#.....<....................
###....)†..........).......
#......(@................
##.................>.....
#...............>........
#........................
#........................
#...........5@...........
.............h..........
#.....................#.
........#............


You could see Sigmund (invisible, ally target), a friendly hound (summoned) and
a friendly white imp (summoned).

Vanquished Creatures
  A quokka (D:1)
1 creature vanquished.

Vanquished Creatures (collateral kills)
  An adder (D:3)
  A worm (D:2)
  A dart slug (D:1)
  4 ball pythons
  2 bats
  3 endoplasms
  2 giant cockroaches
  4 goblins
  3 hobgoblins (D:1)
  3 jackals (D:2)
  4 kobolds
  A quokka (D:2)
  4 frilled lizards
  4 rats
37 creatures vanquished.

Grand Total: 38 creatures vanquished

Notes
Turn   | Place    | Note
-------+----------+-------------------------------------------
     0 | D:1      | NinjaNoafa the Felid Summoner began the quest for the Orb.
     0 | D:1      | Reached XP level 1. HP: 7/7 MP: 4/4
   317 | D:1      | Reached XP level 2. HP: 11/11 MP: 3/6
   323 | D:1      | Learned a level 2 spell: Call Imp
   977 | D:2      | Reached XP level 3. HP: 14/14 MP: 8/8
   981 | D:2      | Learned a level 3 spell: Call Canine Familiar
  1021 | D:2      | Found Omextir's Distillery.
  1030 | D:2      | Bought a potion of curing for 39 gold pieces
  1030 | D:2      | Bought a potion of brilliance for 52 gold pieces
  1360 | D:3      | Noticed Sigmund
  1383 | D:3      | Killed from afar by Sigmund

Illustrated notes

Levels and vault maps discovered:
D:1:      matt_arrival_los_fun, layout_loops_cross
D:2:      layout_rooms, serial_shops, nicolae_lakefront_shop, kennysheep_path_1
D:3:      layout_rooms, uniq_natasha, uniq_sigmund

Skill      XL: |  1  2  3 |
---------------+----------+-----
Spellcasting   | 3 |  3.0
Dodging        | |  2.6
Stealth        | |  2.6
Summonings     | |  4.7

Action                     || total
---------------------------++-------
  Melee: Unarmed           ||     3
   Cast: Summon Small Mamm ||    34
         Call Imp          ||    10
         Call Canine Famil ||     6
 Armour: Skin              ||     4
  Dodge: Dodged            ||    31

Table legend: (Time is in decaauts)
 A = Elapsed time spent in this place.
 B = Non-inter-level travel time spent in this place.
 C = Inter-level travel time spent in this place.
 D = Time resting spent in this place.
 E = Time spent auto-exploring this place.
 F = Levels seen in this place.
 G = Mean time per level.
                   A        B        C        D        E       F      G
               +--------+--------+--------+--------+--------+-----+--------+
         Total |   1162 |   1105 |     57 |      3 |    620 |   3 |  387.3 |
       Dungeon |   1162 |   1105 |     57 |      3 |    620 |   3 |  387.3 |
               +--------+--------+--------+--------+--------+-----+--------+

Top non-repeatable levels by time:
     D:1: 665 daAuts
     D:2: 424 daAuts
     D:3: 72 daAuts
